ITL
TOPEKA TORNADOS @ DETROIT X-WINGS
08/24/2027
 
TOP OF THE 1ST
Topeka Tornados batting - Pitching for Detroit X-Wings : RHP Joe Hopkins
Pitching: RHP Joe Hopkins
Batting: RHB Armando Méndez 0-0: Foul Ball, location: 2F
0-1: Ball
1-1: DOUBLE (Line Drive, 9LM)
Batting: RHB Gabriel Santana 0-0: Foul Ball, location: 2F
0-1: Ball
1-1: Ball
2-1: Fly out, F9 (Line Drive, 9LS)
Batting: LHB Edward Rose 0-0: Ball
1-0: Ground out 4-3 (Groundball, 4)
Armando Méndez to third
Batting: SHB Javier Peña 0-0: Swinging Strike
0-1: 2-RUN HOME RUN (Flyball, 9LD), Distance : 360 ft
Batting: RHB Don Thomas 0-0: Fly out, F6 (Line Drive, 6)
Top of the 1st over - 2 run(s), 2 hit(s), 0 error(s), 0 left on base; Topeka 2 - Detroit 0
BOTTOM OF THE 1ST
Detroit X-Wings batting - Pitching for Topeka Tornados : LHP Craig Sturdy
Pitching: LHP Craig Sturdy
Batting: LHB Craig Kenney 0-0: Ball
1-0: Foul Ball, location: 2F
1-1: Ground out 5-3 (Groundball, 56S)
Batting: RHB Gary Witt 0-0: Ball
1-0: Called Strike
1-1: Called Strike
1-2: Strikes out swinging
Batting: RHB Yoshihide Takahashi 0-0: Ball
1-0: Ball
2-0: Ball
3-0: Called Strike
3-1: Base on Balls
Batting: RHB Júlio Negrón 0-0: Ball
1-0: Fly out, F9 (Flyball, 9S)
Bottom of the 1st over - 0 run(s), 0 hit(s), 0 error(s), 1 left on base; Topeka 2 - Detroit 0
TOP OF THE 2ND
Topeka Tornados batting - Pitching for Detroit X-Wings : RHP Joe Hopkins
Batting: SHB Giancarlo Giannini 0-0: DOUBLE (Flyball, 89XD)
Batting: RHB Desi Thompson 0-0: Ball
1-0: Foul Ball, location: 2F
1-1: Foul Ball, location: 2F
1-2: Ground out 6-3 (Groundball, 6)
Giancarlo Giannini to third
Batting: LHB José López 0-0: Ball
1-0: Foul Ball, location: 2F
1-1: Ball
2-1: Swinging Strike
2-2: Ball
3-2: 2-RUN HOME RUN (Flyball, 9LD), Distance : 363 ft
Batting: RHB Dave Henderson 0-0: Ground out 6-3 (Groundball, 6MD)
Batting: RHB Armando Méndez 0-0: Called Strike
0-1: Ball
1-1: Ground out 6-3 (Groundball, 6)
Top of the 2nd over - 2 run(s), 2 hit(s), 0 error(s), 0 left on base; Topeka 4 - Detroit 0
BOTTOM OF THE 2ND
Detroit X-Wings batting - Pitching for Topeka Tornados : LHP Craig Sturdy
Batting: LHB Juan Jose Pineda 0-0: Ball
1-0: Ball
2-0: Ground out 3-1 (Groundball, 34)
Batting: LHB Chris Loudermilk 0-0: Swinging Strike
0-1: Foul Ball, location: 2F
0-2: Fly out, F6 (Popup, 56D)
Batting: SHB Felipe Detorres 0-0: Swinging Strike
0-1: Foul Ball, location: 2F
0-2: Ball
1-2: Strikes out looking
Bottom of the 2nd over - 0 run(s), 0 hit(s), 0 error(s), 0 left on base; Topeka 4 - Detroit 0
TOP OF THE 3RD
Topeka Tornados batting - Pitching for Detroit X-Wings : RHP Joe Hopkins
Batting: RHB Gabriel Santana 0-0: Ball
1-0: Called Strike
1-1: Ball
2-1: SINGLE (Groundball, 5S) (infield hit)
Batting: LHB Edward Rose 0-0: Called Strike
0-1: Called Strike
0-2: Fly out, F6 (Line Drive, 6)
Batting: SHB Javier Peña 0-0: Ball
1-0: Ball
2-0: Called Strike
2-1: Called Strike
2-2: Strikes out swinging
Batting: RHB Don Thomas 0-0: Ground out 5-3 (Groundball, 56S)
Top of the 3rd over - 0 run(s), 1 hit(s), 0 error(s), 1 left on base; Topeka 4 - Detroit 0
BOTTOM OF THE 3RD
Detroit X-Wings batting - Pitching for Topeka Tornados : LHP Craig Sturdy
Batting: RHB Jorge Castillo 0-0: Called Strike
0-1: Called Strike
0-2: Foul Ball, location: 2F
0-2: SINGLE (Flyball, 8RS)
Batting: LHB Paul Alston 0-0: Called Strike
0-1: Ball
1-1: Ground out 4-3 (Groundball, 34)
Jorge Castillo to second
Batting: LHB Craig Kenney 0-0: Called Strike
0-1: Foul Ball, location: 2F
0-2: Fly out, F9 (Flyball, 9S)
Batting: RHB Gary Witt 0-0: Ball
1-0: Ball
2-0: Foul Ball, location: 2F
2-1: Swinging Strike
2-2: Fly out, F8 (Flyball, 8RM)
Bottom of the 3rd over - 0 run(s), 1 hit(s), 0 error(s), 1 left on base; Topeka 4 - Detroit 0
TOP OF THE 4TH
Topeka Tornados batting - Pitching for Detroit X-Wings : RHP Joe Hopkins
Batting: SHB Giancarlo Giannini 0-0: Called Strike
0-1: Foul Ball, location: 2F
0-2: Ball
1-2: Strikes out looking
Batting: RHB Desi Thompson 0-0: Called Strike
0-1: Ball
1-1: Ball
2-1: Called Strike
2-2: Ball
3-2: Strikes out swinging
Batting: LHB José López 0-0: Ball
1-0: Ball
2-0: Foul Ball, location: 2F
2-1: Foul Ball, location: 2F
2-2: Foul Ball, location: 2F
2-2: Ball
3-2: Base on Balls
Batting: RHB Dave Henderson 0-0: Ball
1-0: TRIPLE (Flyball, 9LM)
José López scores
Batting: RHB Armando Méndez 0-0: Called Strike
0-1: Fly out, F7 (Line Drive, 7D)
Top of the 4th over - 1 run(s), 1 hit(s), 0 error(s), 1 left on base; Topeka 5 - Detroit 0
BOTTOM OF THE 4TH
Detroit X-Wings batting - Pitching for Topeka Tornados : LHP Craig Sturdy
Batting: RHB Yoshihide Takahashi 0-0: SOLO HOME RUN (Flyball, 7D), Distance : 370 ft
Batting: RHB Júlio Negrón 0-0: Ball
1-0: Fly out, F9 (Line Drive, 89S)
Batting: LHB Juan Jose Pineda 0-0: Ball
1-0: Called Strike
1-1: Foul Ball, location: 2F
1-2: SINGLE (Flyball, 8LS)
Batting: LHB Chris Loudermilk 0-0: Ball
1-0: SINGLE (Groundball, 6MD)
Juan Jose Pineda to second
Batting: SHB Felipe Detorres 0-0: Ball
1-0: Fly out, F9 (Flyball, 9LSF)
Batting: RHB Jorge Castillo 0-0: Called Strike
0-1: Swinging Strike
0-2: Ball
1-2: Foul Ball, location: 2F
1-2: Strikes out swinging
Bottom of the 4th over - 1 run(s), 3 hit(s), 0 error(s), 2 left on base; Topeka 5 - Detroit 1
TOP OF THE 5TH
Topeka Tornados batting - Pitching for Detroit X-Wings : RHP Joe Hopkins
Batting: RHB Gabriel Santana 0-0: Called Strike
0-1: Ground out 5-3 (Groundball, 5)
Batting: LHB Edward Rose 0-0: Ball
1-0: Ball
2-0: Called Strike
2-1: Ground out 1-3 (Groundball, P)
Batting: SHB Javier Peña 0-0: Ground out 4-3 (Groundball, 4)
Top of the 5th over - 0 run(s), 0 hit(s), 0 error(s), 0 left on base; Topeka 5 - Detroit 1
BOTTOM OF THE 5TH
Detroit X-Wings batting - Pitching for Topeka Tornados : LHP Craig Sturdy
Batting: LHB Paul Alston 0-0: Called Strike
0-1: Ball
1-1: Ball
2-1: Swinging Strike
2-2: Foul Ball, location: 2F
2-2: Foul Ball, location: 2F
2-2: Strikes out looking
Batting: LHB Craig Kenney 0-0: Ball
1-0: Called Strike
1-1: Called Strike
1-2: Strikes out looking
Batting: RHB Gary Witt 0-0: Ball
1-0: Ground out 5-3 (Groundball, 5)
Bottom of the 5th over - 0 run(s), 0 hit(s), 0 error(s), 0 left on base; Topeka 5 - Detroit 1
TOP OF THE 6TH
Topeka Tornados batting - Pitching for Detroit X-Wings : RHP Joe Hopkins
Batting: RHB Don Thomas 0-0: Ball
1-0: Ground out 6-3 (Groundball, 6)
Batting: SHB Giancarlo Giannini 0-0: Called Strike
0-1: Ball
1-1: Fly out, F8 (Flyball, 89M)
Batting: RHB Desi Thompson 0-0: Swinging Strike
0-1: Swinging Strike
0-2: Ball
1-2: DOUBLE (Groundball, 5L)
Batting: LHB José López 0-0: Foul Ball, location: 2F
0-1: Swinging Strike
0-2: Hit by Pitch
Batting: RHB Dave Henderson 0-0: Called Strike
0-1: Ball
1-1: Ball
2-1: Ground out 5-3 (Groundball, 5S)
Top of the 6th over - 0 run(s), 1 hit(s), 0 error(s), 2 left on base; Topeka 5 - Detroit 1
BOTTOM OF THE 6TH
Detroit X-Wings batting - Pitching for Topeka Tornados : LHP Craig Sturdy
Batting: RHB Yoshihide Takahashi 0-0: Ball
1-0: Ball
2-0: Foul Ball, location: 2F
2-1: SOLO HOME RUN (Line Drive, 7D), Distance : 447 ft
Batting: RHB Júlio Negrón 0-0: Ball
1-0: Called Strike
1-1: Called Strike
1-2: Strikes out swinging
Batting: LHB Juan Jose Pineda 0-0: Foul Ball, location: 2F
0-1: Foul Ball, location: 2F
0-2: Ball
1-2: DOUBLE (Line Drive, 7LD)
Batting: LHB Chris Loudermilk 0-0: Called Strike
0-1: Reached via error on a dropped throw, E1
Juan Jose Pineda to third
Pitching: RHP Eric Hunt
Batting: SHB Felipe Detorres 0-0: Called Strike
0-1: Ball
1-1: Ball
2-1: SINGLE (Line Drive, 9LS)
Juan Jose Pineda scores
Chris Loudermilk to second
Runner from 2nd tries for 3rd, SAFE, throw made to third
Batting: RHB Jorge Castillo 0-0: Called Strike
0-1: Ball
Pickoff Throw by Catcher to First - Out!
1-1: Ball
2-1: Swinging Strike
2-2: SINGLE (Groundball, 56D)
Chris Loudermilk scores
Batting: LHB Paul Alston 0-0: Called Strike
0-1: Ball
1-1: Ball
2-1: Fielders Choice at 2nd, 6-4 (Groundball, 6)
Bottom of the 6th over - 3 run(s), 4 hit(s), 1 error(s), 0 left on base; Topeka 5 - Detroit 4
TOP OF THE 7TH
Topeka Tornados batting - Pitching for Detroit X-Wings : RHP Joe Hopkins
Pitching: LHP Richard Dorris
Batting: RHB Armando Méndez 0-0: Foul Ball, location: 2F
0-1: Ball
1-1: Ball
2-1: Foul Ball, location: 2F
2-2: Foul Ball, location: 2F
2-2: Ball
3-2: Foul Ball, location: 2F
3-2: Strikes out swinging
Batting: RHB Gabriel Santana 0-0: Called Strike
0-1: DOUBLE (Line Drive, 9LM) - OUT at third base trying to stretch hit.
Batting: LHB Edward Rose 0-0: Ball
1-0: Called Strike
1-1: Ground out U3 (Groundball, 34)
Top of the 7th over - 0 run(s), 1 hit(s), 0 error(s), 0 left on base; Topeka 5 - Detroit 4
BOTTOM OF THE 7TH
Detroit X-Wings batting - Pitching for Topeka Tornados : RHP Eric Hunt
Batting: LHB Craig Kenney 0-0: Ball
1-0: Foul Ball, location: 2F
1-1: Fly out, F7 (Flyball, 7S)
Batting: RHB Gary Witt 0-0: Ball
1-0: Called Strike
1-1: Ball
2-1: Ball
3-1: SINGLE (Groundball, 56D)
Batting: RHB Yoshihide Takahashi 0-0: Ball
1-0: Called Strike
1-1: Called Strike
1-2: Ball
2-2: Ball
3-2: Foul Ball, location: 2F
3-2: Foul Ball, location: 2F
3-2: DOUBLE (Line Drive, 7LM)
Gary Witt to third
Batting: RHB Júlio Negrón 0-0: Ball
1-0: Foul Ball, location: 2F
1-1: Ball
2-1: Ball
3-1: Base on Balls
Batting: LHB Juan Jose Pineda 0-0: Called Strike
0-1: Fly out, F4 (Popup, 4)
Batting: LHB Chris Loudermilk 0-0: Ball
1-0: Ball
2-0: Swinging Strike
2-1: Ball
3-1: Fly out, F9 (Flyball, 89S)
Bottom of the 7th over - 0 run(s), 2 hit(s), 0 error(s), 3 left on base; Topeka 5 - Detroit 4
TOP OF THE 8TH
Topeka Tornados batting - Pitching for Detroit X-Wings : LHP Richard Dorris
Pitching: RHP Art Kelley
Batting: SHB Javier Peña 0-0: Foul Ball, location: 2F
0-1: Ball
1-1: Ball
2-1: Ground out 4-3 (Groundball, 4)
Batting: RHB Don Thomas 0-0: Fly out, F7 (Flyball, 78S)
Batting: SHB Giancarlo Giannini 0-0: Called Strike
0-1: Ball
1-1: Foul Ball, location: 2F
1-2: Ball
2-2: Strikes out swinging
Top of the 8th over - 0 run(s), 0 hit(s), 0 error(s), 0 left on base; Topeka 5 - Detroit 4
BOTTOM OF THE 8TH
Detroit X-Wings batting - Pitching for Topeka Tornados : RHP Eric Hunt
Pitching: RHP Masamichi Samurakami
Now at SS: José González
Batting: SHB Felipe Detorres 0-0: Called Strike
0-1: Foul Ball, location: 2F
0-2: Ball
1-2: Foul Ball, location: 2F
1-2: Fly out, F7 (Line Drive, 7S)
Batting: RHB Jorge Castillo 0-0: Called Strike
0-1: Foul Ball, location: 2F
0-2: Foul Ball, location: 2F
0-2: Foul Ball, location: 2F
0-2: Strikes out swinging
Pitching: LHP Jeremy Meyer
Batting: LHB Paul Alston 0-0: Foul Ball, location: 2F
0-1: Foul Ball, location: 2F
0-2: Strikes out swinging
Bottom of the 8th over - 0 run(s), 0 hit(s), 0 error(s), 0 left on base; Topeka 5 - Detroit 4
TOP OF THE 9TH
Topeka Tornados batting - Pitching for Detroit X-Wings : RHP Art Kelley
Pitching: RHP Lance Sanders
Batting: RHB Desi Thompson 0-0: Ball
1-0: Called Strike
1-1: Swinging Strike
1-2: Ball
2-2: Foul Ball, location: 2F
2-2: DOUBLE (Groundball, 5L)
Batting: LHB José López 0-0: Intentional Walk
Pitching: RHP Domingo Rodríguez
Pinch Hitting: RHB Bob Hall 0-0: SINGLE (Line Drive, 9LS)
Desi Thompson to third
José López to second
Pinch Hitting: LHB Aurelio Torrez 0-0: Ball
1-0: Called Strike
1-1: Ball
2-1: Called Strike
2-2: Ball
3-2: Foul Ball, location: 2F
3-2: Strikes out swinging
Pitching: LHP Mike O'Brien
Pinch Hitting: RHB Ed Watkins 0-0: Ball
1-0: Foul Ball, location: 2F
1-1: Ball
2-1: Called Strike
2-2: Ball
3-2: Fly out, F3 (Popup, 3L)
Pitching: RHP Charlie Alexander
Batting: LHB Edward Rose 0-0: Ground out 1-3 (Groundball, 13)
Top of the 9th over - 0 run(s), 2 hit(s), 0 error(s), 3 left on base; Topeka 5 - Detroit 4
BOTTOM OF THE 9TH
Detroit X-Wings batting - Pitching for Topeka Tornados : LHP Jeremy Meyer
Pitching: LHP Enrique Muñóz
Now at 2B: Ramón Pérez
Now at 3B: Ed Watkins
Now in CF: Aurelio Torrez
Batting: LHB Craig Kenney 0-0: Called Strike
0-1: Ball
1-1: Ball
2-1: Ball
3-1: Foul Ball, location: 2F
3-2: DOUBLE (Line Drive, 8LD)
Batting: RHB Gary Witt 0-0: Ball
1-0: Foul Ball, location: 2F
1-1: Foul Ball, location: 2F
1-2: Ball
2-2: Foul Ball, location: 2F
2-2: Ball
3-2: Foul Ball, location: 2F
3-2: Ground out 1-3 (Groundball, 15S)
Batting: RHB Yoshihide Takahashi 0-0: Ball
1-0: Foul Ball, location: 2F
1-1: Fly out, F9 (Flyball, 89M)
Batting: RHB Júlio Negrón 0-0: Foul Ball, location: 2F
0-1: Ball
1-1: DOUBLE (Line Drive, 89XD)
Craig Kenney scores
Batting: LHB Juan Jose Pineda 0-0: Called Strike
0-1: Ball
1-1: Foul Ball, location: 2F
1-2: Ball
2-2: Strikes out swinging
Bottom of the 9th over - 1 run(s), 2 hit(s), 0 error(s), 1 left on base; Topeka 5 - Detroit 5
TOP OF THE 10TH
Topeka Tornados batting - Pitching for Detroit X-Wings : RHP Charlie Alexander
Batting: SHB Javier Peña 0-0: Called Strike
0-1: Ball
1-1: Ball
2-1: DOUBLE (Flyball, 78XD)
Batting: RHB Don Thomas 0-0: Intentional Walk
Batting: SHB José González 0-0: Sac Bunt - play at first, batter OUT! 1-4
Javier Peña to third
Don Thomas to second
Batting: RHB Desi Thompson 0-0: 3-RUN HOME RUN (Flyball, 89XD), Distance : 406 ft
Batting: LHB José López 0-0: Ball
1-0: Ball
2-0: Called Strike
2-1: Foul Ball, location: 2F
2-2: Ball
3-2: SINGLE (Groundball, 34D)
Batting: LHB Ramón Pérez 0-0: Ball
1-0: Ball
Throwing error on steal attempt, E2
José López to third
2-0: Ball
3-0: Called Strike
3-1: SINGLE (Groundball, 34D)
José López scores
Batting: LHB Aurelio Torrez 0-0: Called Strike
0-1: Ball
1-1: Foul Ball, location: 2F
1-2: Ball
2-2: Ball
3-2: Foul Ball, location: 2F
3-2: Base on Balls
Ramón Pérez to second
Batting: RHB Ed Watkins 0-0: Ball
1-0: Ball
Ramón Pérez is caught stealing 3rd base
Aurelio Torrez to second
2-0: Ball
3-0: Called Strike
3-1: Called Strike
3-2: Base on Balls
Batting: LHB Edward Rose 0-0: Called Strike
0-1: Ball
1-1: DOUBLE (Line Drive, 9LM)
Aurelio Torrez scores
Ed Watkins to third
Batting: SHB Javier Peña 0-0: Ball
1-0: Foul Ball, location: 2F
1-1: Ball
2-1: Ball
3-1: Called Strike
3-2: Base on Balls
Batting: RHB Don Thomas 0-0: Foul Ball, location: 2F
0-1: Ball
1-1: Ball
2-1: Ball
3-1: Base on Balls
Ed Watkins scores
Edward Rose to third
Javier Peña to second
Batting: SHB José González 0-0: Ball
1-0: SINGLE (Groundball, 34D)
Edward Rose scores
Javier Peña to third
Don Thomas to second
Runner from 3rd tries for Home, SAFE, no throw
Batting: RHB Desi Thompson 0-0: Ball
1-0: Foul Ball, location: 2F
1-1: SINGLE (Groundball, 3D)
Don Thomas to third
José González to second
Runner from 3rd tries for Home, SAFE, no throw
Batting: LHB José López 0-0: Called Strike
0-1: DOUBLE (Line Drive, 9LM)
José González scores
Desi Thompson to third
Batting: LHB Ramón Pérez 0-0: Foul Ball, location: 2F
0-1: Ball
1-1: Foul Ball, location: 2F
1-2: Ball
2-2: Foul Ball, location: 2F
2-2: Foul Ball, location: 2F
2-2: Foul Ball, location: 2F
2-2: Ground out 4-3 (Groundball, 4S)
Top of the 10th over - 10 run(s), 8 hit(s), 1 error(s), 2 left on base; Topeka 15 - Detroit 5
BOTTOM OF THE 10TH
Detroit X-Wings batting - Pitching for Topeka Tornados : LHP Enrique Muñóz
Batting: LHB Chris Loudermilk 0-0: Ball
1-0: SINGLE (Line Drive, 6)
Batting: SHB Felipe Detorres 0-0: Ball
1-0: Foul Ball, location: 2F
1-1: Foul Ball, location: 2F
1-2: Ball
2-2: Strikes out looking
Batting: RHB Jorge Castillo 0-0: Called Strike
0-1: Called Strike
0-2: Foul Ball, location: 2F
0-2: Ball
Wild Pitch!
Chris Loudermilk to second
1-2: Foul Ball, location: 2F
1-2: Ball
2-2: Strikes out swinging
Batting: LHB Paul Alston 0-0: Ball
1-0: Called Strike
1-1: Ball
2-1: Called Strike
2-2: Ball
3-2: Foul Ball, location: 2F
3-2: Strikes out swinging
Bottom of the 10th over - 0 run(s), 1 hit(s), 0 error(s), 1 left on base; Topeka 15 - Detroit 5
Thursday, March 30th, 2017 - OOTP Baseball 17.12 Build 75